 Dungeon Crawl Stone Soup version 0.28-a0-895-g6e5f11bd55 (webtiles) character file.

Game seed: 8529983558512800682

4218 mcbry74 the Grappler (level 10, -3/80 (88) HPs)
             Began as a Troll Berserker on Nov 22, 2021.
             Was an Elder of Trog.
             Killed from afar by a tengu conjurer (33 damage)
             ... with a bolt of lightning
             ... on level 8 of the Dungeon.
             The game lasted 00:23:10 (5404 turns).

mcbry74 the Grappler (Troll Berserker)              Turns: 5404, Time: 00:23:11

HP:   -3/80 (88)    AC:  5    Str: 29    XL:     10   Next: 9%
MP:   9/9           EV: 10    Int:  4    God:    Trog [****..]
Gold: 352           SH:  0    Dex: 15    Spells: 9/9 levels left

rFire   . . .      SeeInvis .     - Unarmed
rCold   . . .      Faith    .   (no shield)
rNeg    . . .      Spirit   .   a - +0 animal skin
rPois   +          Reflect  .   (helmet restricted)
rElec   .          Harm     .   o - +0 cloak
rCorr   .          Rampage  .   (gloves unavailable)
Will    .....                   (boots unavailable)
Stlth   +.........              (no amulet)
HPRegen 1.23/turn               m - ring of poison resistance
MPRegen 0.11/turn               y - +6 ring of dexterity

@: drained
A: large, unfitting armour, claws 3, regeneration 1, shaggy fur 1, tough skin 1
a: Renounce Religion, Berserk, Trog's Hand, Brothers in Arms


You were on level 8 of the Dungeon.
You worshipped Trog.
Trog was greatly pleased with you.
You visited 1 branch of the dungeon, and saw 8 of its levels.

You collected 352 gold pieces.

Inventory:

Hand Weapons
 w - a +0 giant spiked club
Missiles
 d - 332 stones
 e - 2 curare-tipped darts
 l - 5 large rocks
 n - 47 poisoned darts (quivered)
 E - 5 boomerangs
Armour
 a - a +0 animal skin (worn)
 o - a +0 cloak (worn)
 t - a scarf of shadows
 D - a +0 cloak
Jewellery
 b - a ring of flight
 c - a ring of magical power
 m - a ring of poison resistance (left claw)
 v - a ring of positive energy
 y - a +6 ring of dexterity (right claw)
Wands
 A - a wand of polymorph (10)
 C - a wand of digging (9)
Scrolls
 f - a scroll of fog
 i - 2 scrolls of blinking
 j - 4 scrolls of teleportation
 r - 3 scrolls of amnesia
 u - a scroll of fear
 x - a scroll of magic mapping
 B - a scroll of identify
 F - a scroll of vulnerability {unknown}
Potions
 g - a potion of ambrosia
 h - 4 potions of brilliance
 k - a potion of resistance {unknown}
 p - a potion of flight
 q - 5 potions of curing
 s - a potion of lignification
 z - a potion of mutation {unknown}


   Skills:
 - Level 2.4 Fighting
 + Level 6.9 Maces & Flails
 - Level 2.4 Dodging
 + Level 11.5 Unarmed Combat
 + Level 4.1 Evocations


You had 9 spell levels left.
You didn't know any spells.
Your spell library was empty.

Dungeon Overview and Level Annotations

Branches:
Dungeon (8/15)             Temple (0/1) D:4
   Lair: D:8-11

Altars:
Cheibriados
Elyvilon
Sif Muna

Annotations:
D:8 Grum


Innate Abilities, Weirdness & Mutations

You are too large for most types of armour.
You have claws for hands.
Your natural rate of healing is unusually fast.
You are covered in fur. (AC +1)
You have tough skin. (AC +1)


Message History

* * * LOW HITPOINT WARNING * * *
You feel drained.
* * * LOW HITPOINT WARNING * * *
You feel drained.
Your life force feels restored.
Your Evocations skill increases to level 4!
You have reached level 10!
You scratch the wight but do no damage.
The wight hits you with the +7 falchion "Emiqeen" {drain, Drain Fly rC+ Dex+4}!
* * * LOW HITPOINT WARNING * * *
You feel drained. x2
* * * LOW HITPOINT WARNING * * *
You mangle the wight!!
You destroy the wight!
Trog accepts your kill.
You scratch the wight but do no damage.
The wight hits you with the +7 falchion "Emiqeen" {drain, Drain Fly rC+ Dex+4}!
* * * LOW HITPOINT WARNING * * *
You feel drained.
* * * LOW HITPOINT WARNING * * *
You feel drained.
* * * LOW HITPOINT WARNING * * *
You mangle the wight!!
You destroy the wight!
Trog accepts your kill.
Items here: )) [[.
Okay, then.
You start resting.
Grum the Hunter comes into view.
He is wielding a -1 spear.
You feel the effects of Trog's Hand fading.
You start resting.
Grum is nearby!
Your skin stops crawling.
You feel less strong-willed.
You start resting.
A tengu conjurer is nearby!
Grum growls angrily.
A wolf comes into view. x2
The tengu conjurer gestures at you while chanting.
The bolt of lightning hits you!!
You die...

...###.# ..# g.h....# ..#
#.h....# ...# #.g....##*..
#.......Q... #g.)....##.#
#..###..##.# # ####..)....##.#
... #.....####@##.#
....##.........†##.##
............)#..†...# ### ######
.....#.....)...###..# ♣.♣ #.♣.♣.
.....#......##<###..#♣♣)♣♣♣♣.♣.♣
.........)............)♣....♣.♣.
....#.))...##.###..#♣♣)♣♣♣♣.♣.♣
##.........##......# ♣.♣ #.♣.♣.
#..#......##....).# ### ######


You could see a tengu conjurer and 2 wolves.

Vanquished Creatures
  A tengu warrior (D:8)
  A two-headed ogre (D:8)
  Prince Ribbit (D:7)
  A wyvern (D:4)
  Menkaure (D:6)
  An orc warrior (D:8)
  An ice beast (D:8)
  2 sky beasts
  4 ogres
  A wolf (D:8)
  2 phantoms
  A centaur (D:6)
  A kobold brigand (D:8)
  A bullfrog (D:8)
  2 scorpions
  3 wights (D:8)
  7 howler monkeys
  2 centaur zombies (D:6)
  6 hounds
  2 jellies
  4 orc priests
  Crazy Yiuf (D:3)
  A bullfrog skeleton (D:5)
  2 iguanas
  6 orc wizards
  A hound skeleton (D:4)
  2 howler monkey zombies
  A howler monkey skeleton (D:7)
  8 adders
  A shadow imp (D:7)
  A white imp (D:7)
  2 ufetubi
  4 worms
  17 orcs
  8 ball pythons
  2 endoplasms (D:1)
  5 giant cockroaches
  6 goblins
  9 hobgoblins
  13 jackals
  4 quokkas
  6 bats
  8 frilled lizards
  8 kobolds
  A rat (D:1)
162 creatures vanquished.

Notes
Turn   | Place    | Note
-------+----------+-------------------------------------------
     0 | D:1      | mcbry74 the Troll Berserker began the quest for the Orb.
     0 | D:1      | Reached XP level 1. HP: 22/22 MP: 0/0
    60 | D:1      | Reached XP level 2. HP: 29/29 MP: 1/1
   161 | D:1      | Reached skill level 4 in Unarmed Combat
   290 | D:1      | Reached ** piety under Trog
   416 | D:1      | Reached XP level 3. HP: 36/36 MP: 2/2
   874 | D:2      | Reached XP level 4. HP: 44/44 MP: 3/3
   884 | D:2      | Reached skill level 5 in Unarmed Combat
  1185 | D:2      | Found a faded altar of an unknown god.
  1305 | D:3      | Found a snail-covered altar of Cheibriados.
  1389 | D:3      | Found a runed translucent door.
  1390 | D:3      | Noticed Crazy Yiuf
  1394 | D:3      | Killed Crazy Yiuf
  1492 | D:3      | Reached XP level 5. HP: 50/50 MP: 4/4
  1964 | D:4      | Reached skill level 6 in Unarmed Combat
  1966 | D:4      | Reached *** piety under Trog
  1990 | D:4      | Noticed a phantom
  2007 | D:4      | Killed a phantom
  2030 | D:4      | Found a staircase to the Ecumenical Temple.
  2066 | D:4      | Found a white marble altar of Elyvilon.
  2110 | D:4      | Noticed a wyvern
  2125 | D:4      | HP: 2/75 [wyvern (5)]
  2128 | D:4      | Reached XP level 6. HP: 4/59 MP: 5/5
  2128 | D:4      | Killed a wyvern
  2129 | D:4      | Reached skill level 7 in Unarmed Combat
  2200 | D:4      | Reached skill level 8 in Unarmed Combat
  2239 | D:4      | Reached XP level 7. HP: 61/66 MP: 6/6
  2602 | D:5      | Entered Level 5 of the Dungeon
  2780 | D:5      | Reached skill level 1 in Maces & Flails
  2821 | D:5      | Found a shimmering blue altar of Sif Muna.
  2870 | D:5      | Reached skill level 9 in Unarmed Combat
  3010 | D:5      | Reached XP level 8. HP: 74/74 MP: 7/7
  3570 | D:6      | Noticed Menkaure
  3587 | D:6      | Killed Menkaure
  3588 | D:6      | Reached skill level 10 in Unarmed Combat
  4103 | D:7      | Noticed Prince Ribbit
  4110 | D:7      | Killed Prince Ribbit
  4111 | D:7      | Reached skill level 5 in Maces & Flails
  4111 | D:7      | Reached skill level 1 in Evocations
  4199 | D:7      | Reached **** piety under Trog
  4252 | D:7      | Reached XP level 9. HP: 80/80 MP: 8/8
  5196 | D:8      | Noticed a two-headed ogre
  5204 | D:8      | Killed a two-headed ogre
  5205 | D:8      | Reached skill level 11 in Unarmed Combat
  5372 | D:8      | Noticed a tengu warrior
  5374 | D:8      | Identified the +7 falchion "Emiqeen" {drain, Drain Fly rC+
                  | Dex+4}
  5374 | D:8      | Noticed a tengu conjurer
  5384 | D:8      | Killed a tengu warrior
  5385 | D:8      | Reached XP level 10. HP: 20/88 MP: 9/9
  5390 | D:8      | HP: 4/80 [wight (5)]
  5393 | D:8      | Noticed Grum
  5404 | D:8      | Killed from afar by a tengu conjurer

Illustrated notes

Levels and vault maps discovered:
D:1:      ebering_trefoil_twist, layout_basic
D:2:      layout_rooms, shapermc_ecumenical_altar_ellora
D:3:      layout_loops_cross, cheibrodos_worm_habitat, uniq_crazy_yiuf_cottage
D:4:      layout_cave_pools, mainiacjoe_overflow_surrounded_room,
          minmay_temple_entry_statues_fountains
D:5:      layout_cave_pools, nicolae_sif_muna_little_library, minivault_4
D:6:      layout_loops_ring, uniq_menkaure
D:7:      layout_gridville, uniq_prince_ribbit1
D:8:      nzn_winding_woodlands_large [nzn_winding_woodlands_5x5_default,
          nzn_winding_woodlands_5x15_concentric,
          nzn_winding_woodlands_5x5_default,
          nzn_winding_woodlands_center_diamonds,
          nzn_winding_woodlands_15x15_killbox,
          nzn_winding_woodlands_center_lodge, nzn_winding_woodlands_5x5_default,
          nzn_winding_woodlands_5x15_split_checker,
          nzn_winding_woodlands_5x5_cross], layout_basic, uniq_grum

Skill      XL: |  1  2  3  4  5  6  7  8  9 |
---------------+----------------------------+-----
Unarmed Combat | 4 5 6 8 9 10 11 | 11.5
Maces & Flails | 2 5 6 |  6.9
Evocations     | 1 4 |  4.1
Fighting       | |  2.4
Dodging        | |  2.4

Action                   |  1- 3 |  4- 6 |  7- 9 | 10-12 || total
-------------------------+-------+-------+-------+-------++-------
Melee: Unarmed           |    80 |   122 |   205 |     4 ||   411
       Punch             |       |     2 |    11 |       ||    13
Throw: Dart              |       |       |    10 |       ||    10
Invok: Trog's Hand       |       |     1 |     4 |       ||     5
       Berserk           |       |     1 |       |       ||     1
  Use: Scroll            |       |       |    12 |       ||    12
 Stab: Sleeping          |     2 |     2 |     2 |       ||     6
Armor: Animal skin       |    27 |    35 |    39 |       ||   101
Dodge: Dodged            |    36 |    60 |    69 |       ||   165

Table legend: (Time is in decaauts)
 A = Elapsed time spent in this place.
 B = Non-inter-level travel time spent in this place.
 C = Inter-level travel time spent in this place.
 D = Time resting spent in this place.
 E = Time spent auto-exploring this place.
 F = Levels seen in this place.
 G = Mean time per level.
                   A        B        C        D        E       F      G
               +--------+--------+--------+--------+--------+-----+--------+
         Total |   5364 |   5118 |    246 |    144 |   3822 |   8 |  670.5 |
       Dungeon |   5364 |   5118 |    246 |    144 |   3822 |   8 |  670.5 |
               +--------+--------+--------+--------+--------+-----+--------+

Top non-repeatable levels by time:
     D:7: 957 daAuts
     D:6: 834 daAuts
     D:1: 770 daAuts
     D:3: 687 daAuts
     D:4: 647 daAuts
     D:5: 590 daAuts
     D:2: 496 daAuts
     D:8: 381 daAuts
